sissy, neutral female gnomish Healer -------- -------- -------- -------- -------- ----- |......|####.......| |...<..| |......| |......| |%)* |......-# |......| |......| |......| |.>....| |!]= |......| |.......## |......| |......| ##-......| |!/ |......| |......| # |......| |..(...| # |......| |)? |......| |......| ###.......| |......-### |......| |. ------.- -------- -------- -.------ -----|-- @ ## #### # @ # # # # ##### ### # ## -.------ -------- -------- -----.-- -----.-- --|----- |......| |......| |......| |......| |......| |.....|| |......| |......| |......| #.......- +......-####.......| |......| |......| ##.......| ###|......| |......| |......| |......-####-......| # |......| # |......| |......| |......| |......| |......-### |......-## |......| |......| |......| -------- -------- -------- -------- -------- -------- sissy the Rhizotomist Experience level: 1 Strength: 8 Dexterity: 9 Constitution: 16 Intelligence: 10 Wisdom: 15 Charisma: 17 Health: 17(17) Energy: 7(7) AC: 6 Gold: 0 Moves: 1317 Your Inventory: Weapons a - an uncursed +0 scalpel n - an [uncursed +1] sling v - a [blessed +1] crude dagger [orcish] (weapon in hand) Armor b - an uncursed +1 pair of leather gloves (being worn) l - a [blessed] +1 pair of elven boots (being worn) Comestibles j - 6 uncursed apples o - an [uncursed] lichen corpse p - 2 [uncursed] tripe rations s - an [uncursed] partly eaten [stale] egg Scrolls y - an [uncursed] scroll labeled XIXAXA XOXAXA XUXAXA [of teleportation] z - an [uncursed] scroll labeled FOOBIE BLETCH [of taming] Spellbooks g - a blessed spellbook of healing h - a blessed spellbook of extra healing i - a blessed spellbook of stone to flesh Potions d - 3 uncursed potions of healing e - 2 uncursed potions of extra healing r - an [uncursed] potion of oil t - 2 [uncursed] gooey potions [of sleeping] u - a [blessed] greasy potion [of polymorph] w - an [uncursed] black potion [of object detection] x - an [uncursed] soapy potion [of blindness] Wands f - an uncursed wand of sleep (0:5) Tools c - an uncursed stethoscope Gems q - an [uncursed] black gem [jet] Spells known in the end: Name Level Category Fail Memory a - healing 1 healing 0% [||||||||] b - extra healing 3 healing 62% [||||||||] c - stone to flesh 3 healing 71% [||||||||] Your skills at the end: Fighting Skills Weapon Skills knife [Basic / Expert] Spellcasting Skills healing spells [Basic / Expert] Final Attributes: You were fervently aligned. Hunger level was 242. Your alignment was 11 / 16. Monster difficulty range was 0 - 2. Level difficulty was 3. You were immune to poison. You had infravision. You were stealthy. Your luck was zero. You are dead. Vanquished creatures: an iguana a yellow mold a red mold a jackal a goblin 2 sewer rats 2 grid bugs 3 lichens 7 newts 19 creatures vanquished. Voluntary challenges: You were an atheist. You used a wielded weapon 15 times. You read items or engraved 1 time. You put on armor 2 times. You never genocided any monsters. You never polymorphed an object. You never changed form. You used no wishes. You wrote Elbereth's name 1 time. You never encountered a bones level. You never used any Sokoban shortcuts. Dungeon overview: The Dungeons of Doom: levels 1 to 3 Level 1 a long staircase Level 2 a potion shop, a fountain a long staircase Level 3 <- You were here a general store History has recorded: On T:1 you entered the Dungeons of Doom to retrieve the Amulet of Yendor! On T:26 you reached level 2 of The Dungeons of Doom. On T:1113 you reached level 3 of The Dungeons of Doom. Latest messages: You see here a figurine of a gecko. You displaced your kitten. The door opens. You find a secret door. [2 turns] The door opens. (2x) $ - 66 gold pieces. t - a gooey potion. You displaced your kitten. z - a scroll labeled FOOBIE BLETCH. $ - 27 gold pieces. Something is engraved here on the headstone. You read: "Be careful, or this could happen to you!". The door opens. Something is written here in the dust. You read: "Closed for inventory". This door is locked. (2x) As you kick the door, it crashes open! <"Cad! You did 400 zorkmids worth of damage!" Pay? [yn]: n> "Oh, yes! You'll pay!" Possogroenoe zaps a bamboo wand! The death ray hits you! Possogroenoe takes all your possessions. Final status: Goodbye sissy the Healer... You died in The Dungeons of Doom on dungeon level 3 with 148 points, and 0 pieces of gold, after 1317 moves. You were level 1 with a maximum of 17 hit points when you died.